Map: Blackburn LE

Players

apris

  • Race: Zerg Zerg
  • League: Diamond
  • Spawn Location: 7:00

Warthog - Winner!

  • Race: Terran Terran
  • League: Diamond
  • Spawn Location: 5:00

VOD

Have the link to the VOD?

Description

Time

  • Played on: Dec. 7, 2021, 5:59 p.m.
  • Length: 12:34
Show
View Real Time Build Order
Export as new Build Order

apris Zerg 

Build Orders: Pool First 

Get SALT Encoding   

  12  0:00  Drone  
  13  0:12  Overlord  
  13  0:18  Drone  
  14  0:30  Drone x2  
  16  0:41  Spawning Pool  
  15  0:46  Drone  
  15  0:48  Drone  
  17  1:09  Hatchery  
  16  1:12  Drone  
  16  1:14  Extractor  
  16  1:18  Drone  
  17  1:28  Roach Warren  
  17  1:30  Zergling x2  
  17  1:34  Zergling x2  
  18  1:44  Queen  
  20  1:54  Overlord  
  20  2:10  Roach  
  20  2:12  Roach  
  24  2:17  Roach  
  26  2:23  Queen  
  28  2:33  Roach  
  30  2:38  Roach  
  30  2:44  Overlord  
  32  2:55  Drone x2  
  32  2:56  Drone  
  35  3:04  Metabolic Boost  
  33  3:28  Drone  
  34  3:34  Drone x2  
  34  3:35  Hatchery  
  35  3:44  Drone x2  
  35  3:45  Extractor  
  37  3:59  Drone  
  37  4:00  Drone x5  
  43  4:14  Drone  
  44  4:20  Overlord x2  
  44  4:27  Drone x5  
  41  4:32  Overlord  
  39  4:38  Queen  
  41  4:54  Lair  
  41  4:56  Zergling x10  
  41  4:57  Zergling x6  
  49  5:04  Overlord  
  49  5:06  Drone  
  50  5:10  Drone  
  50  5:11  Baneling Nest  
  50  5:22  Drone x6  
  50  5:24  Spore Crawler  
  50  5:26  Drone  
  50  5:27  Drone x2  
  58  5:34  Overlord  
  58  5:35  Spore Crawler  
  58  5:40  Overlord x2  
  54  5:47  Extractor  
  54  5:49  Extractor x2  
  51  5:50  Extractor  
  51  5:51  Extractor  
  48  5:58  Drone x3  
  48  5:59  Spire  
  48  6:01  Drone x2  
  52  6:08  Drone x3  
  55  6:15  Drone x2  
  57  6:24  Drone x2  
  59  6:28  Drone x2  
  61  6:39  Drone x6  
  67  6:51  Centrifugal Hooks  
  67  6:56  Drone  
  67  6:57  Drone x6  
  72  7:10  Drone  
  72  7:15  Overlord x3  
  73  7:16  Hydralisk Den  
  73  7:18  Hatchery  
  73  7:21  Drone  
  73  7:26  Zerg Flyer Weapons Level 1  
  73  7:32  Overlord x3, Evolution Chamber  
  73  7:33  Mutalisk, Evolution Chamber  
  73  7:34  Mutalisk  
  75  7:42  Zergling x2  
  75  7:43  Zergling x12  
  82  7:49  Drone  
  82  7:50  Drone  
  85  7:51  Drone x5  
  85  7:52  Drone  
  90  7:59  Zergling x2  
  90  8:00  Mutalisk x3  
  90  8:04  Mutalisk x2  
  101  8:08  Zerg Melee Weapons Level 1  
  101  8:11  Drone x2  
  103  8:13  Mutalisk  
  103  8:14  Mutalisk  
  107  8:20  Hydralisk Den  
  107  8:25  Mutalisk  
  107  8:26  Mutalisk x3  
  114  8:31  Zerg Ground Armor Level 1  
  112  8:36  Drone  
  112  8:37  Drone x6  
  112  8:39  Extractor x2  
  117  8:43  Baneling x7  
  117  8:47  Mutalisk  
  117  8:50  Drone  
  117  8:54  Baneling x6  
  117  8:55  Zergling x2  
  119  8:56  Zergling x16  
  127  9:04  Zergling x2  
  127  9:05  Zergling x2  
  127  9:11  Overlord x3  
  125  9:17  Hydralisk Den, Muscular Augments  
  125  9:21  Zergling x4  
  125  9:22  Zergling x2  
  125  9:23  Overlord x3  
  127  9:24  Overlord x2  
  127  9:25  Overlord  
  127  9:27  Overlord x2  
  127  9:37  Queen  
  127  9:41  Drone  
  127  9:42  Infestation Pit  
  127  9:47  Hatchery  
  117  10:03  Zergling x6, Lurker Den  
  117  10:04  Zergling x18  
  117  10:06  Overseer x2  
  117  10:07  Overseer  
  128  10:08  Pneumatized Carapace  
  128  10:12  Burrow  
  128  10:17  Drone  
  128  10:18  Drone x10  
  121  10:28  Grooved Spines  
  121  10:30  Baneling  
  121  10:31  Zergling x2, Baneling x9  
  121  10:32  Zergling x8  
  126  10:39  Zerg Missile Weapons Level 1  
  126  10:46  Mutalisk  
  126  10:47  Mutalisk x5  
  136  10:52  Zergling x2  
  136  10:53  Zergling x18  
  136  10:55  Baneling x3  
  136  10:56  Baneling  
  146  11:03  Zergling x2  
  146  11:04  Zergling x6  
  150  11:07  Hive  
  150  11:09  Extractor  
  147  11:23  Zergling x2  
  147  11:24  Zergling x16  
  141  11:28  Zergling x2  
  134  11:38  Zergling x2  
  134  11:39  Zergling x6  
  129  11:45  Baneling  
  129  11:46  Baneling x8  
  128  11:51  Zergling x2  
  128  11:52  Zergling x20  
  128  11:53  Baneling x2  
  128  11:54  Baneling x2  
  139  11:59  Extractor  
  127  12:16  Drone  
  127  12:17  Drone x9  
Show
View Real Time Build Order
Export as new Build Order

Warthog Terran - Winner!

Build Orders: Reaper Expand 

Get SALT Encoding   

  12  0:00  SCV  
  13  0:14  SCV  
  14  0:17  Supply Depot  
  14  0:26  SCV  
  15  0:39  SCV  
  15  0:41  Barracks  
  16  0:45  Refinery  
  16  0:51  SCV  
  17  1:03  SCV  
  18  1:15  SCV  
  19  1:28  Reaper, Orbital Command  
  20  1:41  Command Center  
  20  1:53  Supply Depot  
  21  1:54  SCV  
  21  2:00  Marine  
  22  2:07  SCV  
  23  2:15  Factory  
  23  2:16  Refinery  
  23  2:19  SCV  
  23  2:21  Barracks Reactor  
  24  2:32  SCV  
  24  2:47  SCV, Bunker  
  25  2:54  Orbital Command  
  25  2:58  Factory Tech Lab, Marine x2  
  27  3:01  Starport  
  27  3:12  SCV  
  28  3:14  Supply Depot  
  28  3:21  Siege Tank  
  31  3:31  SCV  
  31  3:32  Marine x2  
  34  3:38  Orbital Command  
  34  3:43  Viking  
  34  3:46  SCV  
  37  3:58  SCV  
  39  4:10  SCV x2  
  38  4:20  Siege Tank, Marine x2  
  38  4:22  SCV x2  
  42  4:34  SCV x2  
  44  4:38  Liberator  
  44  4:45  Supply Depot  
  47  4:46  Supply Depot, SCV x2  
  49  4:58  SCV  
  50  5:03  SCV  
  51  5:08  Command Center  
  51  5:09  Supply Depot  
  51  5:12  SCV  
  52  5:15  SCV  
  52  5:17  Hellion x2  
  52  5:18  Stimpack  
  56  5:24  SCV  
  56  5:27  SCV  
  58  5:32  Barracks  
  58  5:36  SCV  
  58  5:37  Barracks  
  58  5:39  SCV  
  60  5:45  Starport Reactor  
  60  5:48  SCV  
  61  5:51  SCV  
  61  5:53  Engineering Bay  
  62  5:57  Engineering Bay  
  62  5:59  Barracks, Factory Reactor  
  62  6:00  Barracks  
  62  6:02  SCV  
  62  6:03  SCV  
  64  6:05  Refinery x2  
  64  6:06  Marine  
  65  6:14  SCV  
  65  6:15  SCV  
  67  6:20  Orbital Command  
  67  6:25  Marine  
  65  6:27  SCV, Marine x2  
  65  6:31  Starport Reactor  
  68  6:34  SCV  
  68  6:38  Marine x2  
  68  6:39  Widow Mine  
  75  6:40  Widow Mine  
  75  6:42  Terran Infantry Armor Level 1, Terran Infantry Weapons Level 1  
  75  6:43  Marine  
  75  6:45  Armory, Marine x2  
  78  6:48  SCV x2, Orbital Command  
  78  6:49  Factory  
  80  6:58  Combat Shield  
  80  7:00  SCV x2  
  82  7:01  Marine x2  
  82  7:02  Marine  
  85  7:12  SCV x2  
  87  7:17  Supply Depot  
  87  7:18  Supply Depot  
  87  7:19  SCV  
  88  7:23  Barracks Reactor x2  
  88  7:24  Marine x5  
  93  7:31  Supply Depot  
  93  7:33  Factory Tech Lab  
  93  7:37  Terran Vehicle And Ship Armor Level 1  
  93  7:38  SCV x2  
  93  7:39  Widow Mine  
  93  7:41  Marine  
  93  7:42  SCV, Marine x4  
  103  7:50  Supply Depot, SCV x2  
  105  7:54  Supply Depot, SCV  
  105  7:55  Widow Mine x2  
  105  7:56  Medivac  
  105  7:58  Medivac  
  114  7:59  Marine  
  114  8:00  Marine x2  
  117  8:11  Marine  
  117  8:12  Marauder  
  120  8:13  Supply Depot, Missile Turret  
  120  8:14  Missile Turret  
  120  8:16  Concussive Shells  
  120  8:17  Missile Turret, Marine x2  
  120  8:18  Marine x4  
  120  8:19  Marine  
  125  8:22  Drilling Claws  
  125  8:23  Thor  
  125  8:25  Widow Mine  
  133  8:28  Missile Turret  
  133  8:31  Refinery  
  133  8:34  Medivac, Marine x2  
  133  8:35  Marine x2  
  133  8:36  Marine  
  140  8:44  Marine  
  141  8:49  Refinery  
  141  8:50  Supply Depot  
  141  8:52  Supply Depot  
  141  8:59  SCV  
  141  9:00  SCV  
  141  9:18  SCV, Medivac x2, Marine  
  141  9:19  Widow Mine  
  141  9:20  Thor, SCV, Marine  
  141  9:21  Barracks  
  141  9:23  Barracks  
  157  9:24  Barracks  
  157  9:59  Terran Infantry Armor Level 2, Terran Infantry Weapons Level 2  
  157  10:01  Marine x5  
  157  10:02  SCV, Marauder  
  165  10:09  Missile Turret x2  
  165  10:11  Missile Turret, Barracks Tech Lab x3  
  165  10:18  Command Center  
  165  10:24  Marine  
  165  10:26  SCV, Medivac x2, Widow Mine x2, Marine x2  
  165  10:27  Marauder  
  164  10:35  Supply Depot x2  
  164  10:38  Marine  
  165  10:56  Marauder x2, Marine x4  
  173  10:57  Thor, Marauder  
  181  11:04  Marauder  
  181  11:10  Marine  
  181  11:23  Marine x4  
  181  11:24  Marine  
  181  11:25  Medivac  
  181  11:26  Medivac, Widow Mine x2, Marauder, Marine  
  181  11:27  Marine  
  181  11:28  Marauder, Marine  
  181  11:30  Marauder x2  
  178  11:40  Thor  
  178  11:41  Marine x4  
  178  11:42  Marine  
  178  11:44  Marine  
  178  11:45  Marine  
  193  11:47  Widow Mine, Marauder, Marine  
  193  11:49  Marauder  
  193  11:51  Marauder  
  196  12:06  Missile Turret  
  196  12:07  Missile Turret  
Tags
 
Add a new tag
Caveats
  • Supply blocks, unpowered buildings, or Contaminate may cause inaccurate times.
  • Supply counts are checked every 10 seconds.